 Seeded DCSS version 0.29-a0-380-gf50f0a9fbc (webtiles) character file.

Game seed: 13605594255664981076 (custom seed)

602 thiscave3701365 the Cleaver (level 7, -5/60 HPs)
             Began as a Minotaur Berserker on May 5, 2022.
             Was a Believer of Trog.
             Slain by an ice beast (11 damage)
             ... on level 5 of the Dungeon.
             The game lasted 00:04:39 (7493 turns).

thiscave3701365 the Cleaver (Minotaur Berserker)    Turns: 7493, Time: 00:04:40

Health: -5/60      AC: 10    Str: 24    XL:     7   Next: 18%
Magic:  6/6        EV:  9    Int:  4    God:    Trog [**....]
Gold:   188        SH:  0    Dex:  9    Spells: 6/6 levels left

rFire   . . .      SeeInvis .   a - +0 hand axe
rCold   . . .      Faith    .   (no shield)
rNeg    . . .      Spirit   .   o - +1 chain mail {rPois}
rPois   +          Reflect  .   (helmet restricted)
rElec   .          Harm     .   (no cloak)
rCorr   .          Rampage  .   (no gloves)
Will    .....                   (no boots)
Stlth   ..........              (no amulet)
HPRegen 0.20/turn               (no ring)
MPRegen 0.10/turn               (no ring)

@: on berserk cooldown, slowed, very slow
A: horns 2, retaliatory headbutt
a: Renounce Religion, Berserk, Trog's Hand


You were on level 5 of the Dungeon.
You worshipped Trog.
Trog was pleased with you.
You visited 1 branch of the dungeon, and saw 5 of its levels.

You collected 188 gold pieces.

Inventory:

Hand Weapons
 a - a +0 hand axe (weapon)
Missiles
 u - a throwing net
Armour
 o - a +1 chain mail of poison resistance (worn)
Jewellery
 r - a ring of protection from cold
Wands
 t - a wand of charming (10)
 v - a wand of digging (3)
Scrolls
 h - a scroll of fog
 i - a scroll of vulnerability
 j - a scroll of poison
Potions
 b - a potion of heal wounds
 c - a potion of brilliance
 f - 2 potions of haste
 k - a potion of might
 l - a potion of ambrosia
 m - a potion of magic
 n - a potion of flight {unknown}
 s - a potion of mutation {unknown}


   Skills:
 - Level 4.8 Fighting
 + Level 8.7 Axes
 - Level 3.3 Armour
 - Level 3.1 Dodging
 - Level 0.4 Stealth


You had 6 spell levels left.
You didn't know any spells.
Your spell library was empty.

Dungeon Overview and Level Annotations

Branches:
Dungeon (5/15)             Temple (0/1) D:4

Altars:
Cheibriados
Gozag
Makhleb
Nemelex Xobeh
Okawaru
Uskayaw


Innate Abilities, Weirdness & Mutations

You have a pair of horns on your head.
You reflexively headbutt those who attack you in melee.


Message History

You kill the orc!
Trog accepts your kill.
The phantom hits you but does no damage.
The ice beast barely misses you.
You hit the phantom but do no damage.
The phantom is almost destroyed.
You hit the ice beast but do no damage. The phantom closely misses you.
The ice beast closely misses you.
You hit the phantom but do no damage. Your headbutt misses the phantom.
The phantom is almost destroyed.
You closely miss something. You closely miss the ice beast.
The ice beast hits you but does no damage.
The phantom hits you but does no damage.
The ice beast hits you. The ice beast freezes you!
* * * LOW HITPOINT WARNING * * *
The phantom hits you but does no damage.
Something hits you but does no damage.
You closely miss the phantom. You headbutt the phantom.
You destroy the phantom!
Trog accepts your kill.
You barely miss the ice beast. You barely miss something. You slash the orc!
You kill the orc!
Trog accepts your kill. Something hits you but does no damage.
The ice beast hits you but does no damage.
You hit the ice beast.
The ice beast is moderately wounded.
You miss something. Something hits you but does no damage.
The ice beast hits you but does no damage.
You hit the ice beast.
The ice beast is moderately wounded.
You hit something. Something hits you but does no damage.
The ice beast closely misses you. You furiously retaliate!
You headbutt the ice beast, but do no damage.
Something hits you but does no damage.
The ice beast hits you but does no damage.
Something hits you but does no damage. The ice beast hits you.
* * * LOW HITPOINT WARNING * * *
The ice beast freezes you!
You die...

. .# #############.#
..............#
#............#
#............#
#......).{...#
#......Y@)...#
#.............# ##
######.###....##.#.#.#
...#######.#
....##.#.#.#.#
...........#
######.#.#.#.#
...........# #.#.#.#.#
#.....))..# #.#.#.#.#
..####.##.# #.#.#.#.#
####.##.#########.#.#.#.#


You could see an ice beast.

Vanquished Creatures
  2 ogres
  A phantom (D:5)
  2 orc priests (D:4)
  An iguana (D:3)
  2 orc wizards
  8 gnolls
  4 adders
  An ufetubus (D:4)
  22 orcs
  4 endoplasms
  3 giant cockroaches
  8 goblins
  4 hobgoblins
  3 jackals (D:1)
  A quokka (D:4)
  10 ball pythons
  A bat (D:3)
  3 frilled lizards
  5 kobolds
  7 rats
92 creatures vanquished.

Notes
Turn   | Place    | Note
-------+----------+-------------------------------------------
     0 | D:1      | thiscave3701365 the Minotaur Berserker began the quest for
                  | the Orb.
     0 | D:1      | Reached XP level 1. HP: 19/19 MP: 0/0
   459 | D:1      | Found a faded altar of an unknown god.
   964 | D:1      | Reached XP level 2. HP: 23/27 MP: 1/1
  1495 | D:1      | Reached skill level 4 in Axes
  1703 | D:2      | Reached XP level 3. HP: 22/33 MP: 2/2
  2372 | D:2      | Reached XP level 4. HP: 41/41 MP: 3/3
  3268 | D:3      | Reached ** piety under Trog
  3269 | D:3      | Reached skill level 5 in Axes
  3847 | D:3      | Found a hide-covered altar of Uskayaw.
  3848 | D:3      | Found a burning altar of Makhleb.
  4379 | D:3      | Reached XP level 5. HP: 24/47 MP: 4/4
  5242 | D:4      | Noticed an ogre
  5252 | D:4      | Killed an ogre
  5253 | D:4      | Reached skill level 6 in Axes
  5559 | D:4      | Found a staircase to the Ecumenical Temple.
  5626 | D:4      | Found an opulent altar of Gozag.
  5626 | D:4      | Found a sparkling altar of Nemelex Xobeh.
  5729 | D:4      | Reached XP level 6. HP: 55/55 MP: 5/5
  6263 | D:4      | Found an iron altar of Okawaru.
  6323 | D:4      | Reached skill level 7 in Axes
  6397 | D:4      | Found a snail-covered altar of Cheibriados.
  7080 | D:5      | Entered Level 5 of the Dungeon
  7474 | D:5      | Reached skill level 8 in Axes
  7479 | D:5      | Reached XP level 7. HP: 35/60 MP: 6/6
  7493 | D:5      | Slain by an ice beast

Illustrated notes

Levels and vault maps discovered:
D:1:      wander_arrival_lonely_grave, layout_basic,
          ebering_ecumenical_altar_rust
D:2:      layout_basic, minmay_misc_feat_tower, grunt_decor_mini_mirrors
D:3:      layout_basic, mainiacjoe_overflow_divided_tiny
D:4:      layout_loops_ring, grunt_temple_overflow_opulence,
          general_overflow_altar, mainiacjoe_overflow_24_doors, temple_doors_ab
D:5:      layout_basic, mainiacjoe_overflow_paths

Skill      XL: |  1  2  3  4  5  6 |
---------------+-------------------+-----
Fighting       | 4 |  4.8
Axes           | 4 5 6 8 |  8.7
Armour         | 3 |  3.3
Dodging        | 3 |  3.1
Stealth        | |  0.4

Action                   |  1- 3 |  4- 6 |  7- 9 || total
-------------------------+-------+-------+-------++-------
Melee: Hand axe          |    54 |   168 |    13 ||   235
       Headbutt          |     5 |    18 |     2 ||    25
Invok: Berserk           |     4 |     7 |       ||    11
  Use: Scroll            |       |    13 |       ||    13
Armor: Animal skin       |     6 |     9 |       ||    15
       Chain mail        |       |    79 |    20 ||    99
Dodge: Dodged            |    27 |    72 |     6 ||   105

Table legend: (Time is in decaauts)
 A = Elapsed time spent in this place.
 B = Non-inter-level travel time spent in this place.
 C = Inter-level travel time spent in this place.
 D = Time resting spent in this place.
 E = Time spent auto-exploring this place.
 F = Levels seen in this place.
 G = Mean time per level.
                   A        B        C        D        E       F      G
               +--------+--------+--------+--------+--------+-----+--------+
         Total |   7609 |   7377 |    232 |   3484 |   3328 |   5 | 1521.8 |
       Dungeon |   7609 |   7377 |    232 |   3484 |   3328 |   5 | 1521.8 |
               +--------+--------+--------+--------+--------+-----+--------+

Top non-repeatable levels by time:
     D:4: 2253 daAuts
     D:2: 2150 daAuts
     D:1: 1605 daAuts
     D:3: 1552 daAuts
     D:5: 48 daAuts
